 Dungeon Crawl Stone Soup version 0.30-b1-2-g02819fbbbe (webtiles) character file.

Game seed: 5578355098314881853

2539 LLlMATKO the Fighter (level 9, -4/81 HPs)
             Began as a Minotaur Berserker on May 22, 2023.
             Was an Elder of Trog.
             Shot with a sling bullet by Joseph (10 damage)
             ... on level 7 of the Dungeon.
             The game lasted 00:07:58 (6331 turns).

LLlMATKO the Fighter (Minotaur Berserker)           Turns: 6331, Time: 00:07:58

Health: -4/81      AC: 14    Str: 23    XL:     9   Next: 30%
Magic:  8/8        EV: 11    Int:  4    God:    Trog [****..]
Gold:   314        SH:  0    Dex: 13    Spells: 8/8 levels left

rFire   . . .        p - +0 war axe (venom)
rCold   . . .        (no shield)
rNeg    . . .        v - +0 chain mail
rPois   .            (helmet restricted)
rElec   .            (no cloak)
rCorr   .            f - +2 pair of gloves
SInv    +            (no boots)
Will    .....        o - amulet of regeneration Stlth
                     d - ring of see invisible
HPRegen 1.13/turn    (no ring)
MPRegen 0.11/turn

%: no passive effects
@: confused, studying Throwing
A: horns 2, retaliatory headbutt
a: Renounce Religion, Berserk, Trog's Hand, Brothers in Arms


You were on level 7 of the Dungeon.
You worshipped Trog.
Trog was greatly pleased with you.
You visited 1 branch of the dungeon, and saw 7 of its levels.
You also visited: Sewer.

You collected 314 gold pieces.

Inventory:

Hand Weapons
 p - a +0 war axe of venom (weapon)
Missiles
 s - 17 poisoned darts (quivered)
Armour
 b - a +0 plate armour
 f - a +2 pair of gloves (worn)
 v - a +0 chain mail (worn)
Jewellery
 a - a ring of positive energy
 d - a ring of see invisible (left hand)
 o - an amulet of regeneration (around neck)
Wands
 q - a wand of polymorph (11)
Scrolls
 e - a scroll of identify
 i - a scroll of poison
 j - 4 scrolls of enchant armour
 k - 2 scrolls of teleportation
 n - a scroll of vulnerability
 r - a scroll of fog
 u - 4 scrolls of butterflies
Potions
 h - 2 potions of curing {unknown}
 l - a potion of magic {unknown}
 m - 3 potions of heal wounds {unknown}
 t - 3 potions of berserk rage {unknown}
 w - a potion of resistance {unknown}


   Skills:
 + Level 8.2 Fighting
 + Level 8.2 Axes
 + Level 3.9 Throwing
 + Level 7.7 Armour
 + Level 7.1 Dodging


You had 8 spell levels left.
You didn't know any spells.
Your spell library was empty.

Dungeon Overview and Level Annotations

Branches:
Dungeon (7/15)             Temple (0/1) D:5           Sewer (visited)

Altars:
Cheibriados
Gozag
Hepliaklqana
Kikubaaqudgha
Nemelex Xobeh
Okawaru
Qazlal
Sif Muna
Vehumet
Xom

Shops:
D:1 ?

Annotations:
D:7 Joseph


Innate Abilities, Weirdness & Mutations

You have a pair of horns on your head.
You reflexively headbutt those who attack you in melee.


Message History

The orc wizard hits you but does no damage.
Joseph shoots a sling bullet.
The sling bullet barely misses you. The orc wizard casts a spell at you.
You are confused.
Joseph smiles happily.
Joseph shoots a sling bullet.
The sling bullet hits you. The shadow imp gestures at you.
Pain shoots through your body!
* * * LOW HITPOINT WARNING * * *
The orc wizard casts a spell at you.
The puff of flame hits you but does no damage.
Joseph shoots a sling bullet.
The sling bullet hits you.
* * * LOW HITPOINT WARNING * * *
The orc wizard points at you and mumbles some strange words.
The magic dart hits you.
* * * LOW HITPOINT WARNING * * *
The shadow imp gestures at you. Pain shoots through your body!
* * * LOW HITPOINT WARNING * * *
You bump into the rock wall.
Joseph shoots a sling bullet.
The sling bullet hits you.
* * * LOW HITPOINT WARNING * * *
A crimson imp comes into view.
The orc wizard hits you but does no damage.
The shadow imp picks up a beetle and eats it.
Unknown command.
You're too confused to move!
Joseph shoots a sling bullet.
The sling bullet hits you!
* * * LOW HITPOINT WARNING * * *
The orc wizard barely misses you.
Unknown command.
You closely miss the orc wizard. Your headbutt misses the orc wizard.
Your punch misses the orc wizard.
The orc wizard is almost dead.
You barely miss the shadow imp.
You kill the orc wizard!
Trog accepts your kill.
Trog appreciates your killing of a magic user.
Joseph shoots a sling bullet.
The sling bullet hits you!
You die...

..#.....##
........#
.......##
........
#(... .## .
#... ..#...
###.###......
#....@)#
#.<..5.#
#......#
#......#
#.........
#......#..
.@......##..
##...#### ..
#####


You could see Joseph and a shadow imp.

Vanquished Creatures
  Eustachio (D:5)
  A steam dragon (D:6)
  Duvessa (D:5)
  An orc warrior (D:7)
  An ice beast (D:6)
  Pargi (Sewer)
  3 black bears
  2 ogres (D:5)
  3 phantoms
  A bullfrog (D:4)
  3 scorpions
  A gnoll sergeant (D:6)
  Dowan (D:5)
  3 hounds
  A jelly (D:6)
  An orc priest (D:6)
  A gnoll bouda (D:5)
  3 iguanas
  5 orc wizards
  Robin (D:3)
  12 adders
  18 gnolls
  A shadow imp (D:6)
  2 white imps
  4 ufetubi
  3 worms
  2 dart slugs
  20 orcs
  3 endoplasms
  5 giant cockroaches
  14 hobgoblins
  5 jackals
  5 quokkas
  12 ball pythons
  8 bats
  7 frilled lizards
  15 goblins
  14 kobolds
  5 rats
190 creatures vanquished.

Vanquished Creatures (others)
  A human (D:5)
  A butterfly (D:4)
  4 plants (D:4)
6 creatures vanquished.

Grand Total: 196 creatures vanquished

Notes
Turn   | Place    | Note
-------+----------+-------------------------------------------
     0 | D:1      | LLlMATKO the Minotaur Berserker began the quest for the
                  | Orb.
     0 | D:1      | Reached XP level 1. HP: 19/19 MP: 0/0
   193 | D:1      | Found Nequymab's Magic Scroll Emporium.
   255 | D:1      | Reached XP level 2. HP: 13/27 MP: 1/1
   513 | D:1      | Reached XP level 3. HP: 31/33 MP: 2/2
   513 | D:1      | Reached ** piety under Trog
  1125 | D:2      | Found a hazy altar of Hepliaklqana.
  1487 | D:3      | Reached XP level 4. HP: 41/41 MP: 3/3
  1818 | D:3      | Noticed Robin
  1823 | D:3      | Killed Robin
  2120 | D:3      | Found an opulent altar of Gozag.
  2365 | D:3      | Found an iron altar of Okawaru.
  2700 | D:4      | Reached XP level 5. HP: 43/47 MP: 4/4
  2849 | D:4      | Found a radiant altar of Vehumet.
  2932 | D:4      | Noticed a black bear
  2940 | D:4      | Killed a black bear
  2941 | D:4      | Reached skill level 5 in Fighting
  2941 | D:4      | Reached skill level 5 in Axes
  2941 | D:4      | Reached XP level 6. HP: 43/56 MP: 5/5
  3138 | D:4      | Reached *** piety under Trog
  3546 | D:4      | Found a shimmering altar of Xom.
  3555 | D:4      | Reached skill level 5 in Armour
  3555 | D:4      | Reached XP level 7. HP: 46/62 MP: 6/6
  3713 | D:4      | Found a hazy altar of Hepliaklqana.
  4028 | D:5      | Entered Level 5 of the Dungeon
  4034 | D:5      | Reached skill level 5 in Dodging
  4075 | D:5      | Reached XP level 8. HP: 55/71 MP: 7/7
  4206 | D:5      | Reached **** piety under Trog
  4213 | D:5      | Noticed Dowan
  4213 | D:5      | Noticed Duvessa
  4230 | D:5      | Killed Duvessa
  4231 | D:5      | Killed Dowan
  4338 | D:5      | Noticed Eustachio
  4360 | D:5      | Killed Eustachio
  4381 | D:5      | Found a snail-covered altar of Cheibriados.
  4383 | D:5      | Found a stormy altar of Qazlal.
  4572 | D:5      | Found an ancient bone altar of Kikubaaqudgha.
  4848 | D:5      | Found a staircase to the Ecumenical Temple.
  4975 | D:6      | Reached skill level 1 in Throwing
  5239 | D:6      | Found a sparkling altar of Nemelex Xobeh.
  5455 | D:6      | Found a glowing drain.
  5459 | Sewer    | Entered a sewer
  5556 | Sewer    | Noticed Pargi
  5568 | Sewer    | Killed Pargi
  5569 | Sewer    | Reached XP level 9. HP: 81/81 MP: 8/8
  6237 | D:6      | Found a shimmering blue altar of Sif Muna.
  6316 | D:7      | Noticed Joseph
  6331 | D:7      | Shot with a sling bullet by Joseph

Illustrated notes

Levels and vault maps discovered:
D:1:      dpeg_arrival_water_fire, layout_loops_ring, serial_shops, shop
D:2:      layout_rooms, basic_altar
D:3:      layout_loops_corners, kennysheep_okawaru_gauntlet,
          nicolae_gozag_seed_capital, grunt_ministairs_15,
          dreamdust_princess_bridge, minmay_distorted, uniq_robin
D:4:      corexii_shantytown, layout_gridville,
          nicolae_hepliaklqana_hippocampus, xom_butterflies,
          fiery_altar_vehumet, minmay_manual_monstrance
D:5:      layout_rooms, tgw_kikubaaqudgha, jmf_multi_god_temple,
          minmay_temple_entry_nine_rooms, uniq_eustachio, uniq_duvessa
D:6:      nicolae_cairo_tiling_very_big, layout_basic, led_sif_pool,
          old_standard_altar, gup_sewer_entry_spiral
D:7:      layout_rooms, kennysheep_ying_yang, mainiacjoe_overflow_cross_hatched,
          chequers_ossuary_entry_cave, ebering_ghost_disaster_area,
          minmay_nine_imps, uniq_maggie, uniq_crazy_yiuf_cottage, uniq_joseph

Skill      XL: |  1  2  3  4  5  6  7  8  9 |
---------------+----------------------------+-----
Fighting       | 4 5 6 7 8 |  8.2
Armour         | 3 4 5 6 7 |  7.7
Axes           | 4 5 6 7 8 |  8.2
Dodging        | 3 4 5 6 7 |  7.1
Throwing       | 2 3 |  3.9

Action                     |  1- 3 |  4- 6 |  7- 9 || total
---------------------------+-------+-------+-------++-------
  Melee: Hand axe          |    86 |     7 |       ||    93
         Headbutt          |     3 |    11 |    39 ||    53
         Punch             |     1 |     1 |     1 ||     3
         War axe           |       |   116 |   246 ||   362
         Spear             |       |     4 |       ||     4
  Throw: Dart              |       |       |    11 ||    11
 Invoke: Berserk           |     1 |     3 |     4 ||     8
    Use: Scroll            |       |       |    12 ||    12
   Stab: Sleeping          |       |     2 |       ||     2
 Armour: Animal skin       |    24 |    29 |       ||    53
         Scale mail        |       |    22 |    16 ||    38
         Chain mail        |       |       |   122 ||   122
  Dodge: Dodged            |    71 |    86 |   152 ||   309
